Map: Deathaura LE

Players

A.I. 1 (Very Easy) - Winner!

  • Race: Protoss Protoss
  • Spawn Location: 11:00

Duke

  • Race: Terran Terran
  • League: Diamond
  • Spawn Location: 5:00

VOD

Have the link to the VOD?

Description

Time

  • Played on: Feb. 13, 2021, 8:13 p.m.
  • Length: 9:23
Show
View Real Time Build Order
Export as new Build Order

A.I. 1 (Very Easy) Protoss - Winner!

Build Orders:  

Get SALT Encoding   

  12  0:00  Probe  
  13  0:13  Probe  
  14  0:20  Pylon  
  14  0:36  Assimilator  
  14  0:43  Gateway  
  14  0:46  Pylon  
  14  1:14  Assimilator  
  14  1:15  Probe  
  14  1:24  Probe  
  15  1:32  Probe  
  16  1:34  Cybernetics Core  
  17  1:42  Probe  
  18  1:54  Probe  
  18  2:00  Warp Gate  
  19  2:02  Probe  
  20  2:13  Stalker  
  22  4:10  Probe  
  22  5:22  Probe  
  22  5:30  Probe  
  22  5:33  Zealot  
  22  5:35  Pylon  
  25  5:38  Robotics Facility  
  25  5:40  Probe  
  26  5:52  Probe  
  27  6:04  Probe  
  27  6:09  Pylon  
  28  6:14  Probe  
  29  6:22  Probe  
  29  6:26  Zealot  
  29  6:28  Observer  
  31  6:49  Observer  
  32  7:04  Nexus  
  32  7:19  Stalker  
  34  8:15  Probe  
  35  8:22  Probe  
  35  8:24  Assimilator  
  35  8:26  Assimilator  
  36  8:27  Probe  
  37  8:34  Probe  
  38  8:46  Probe  
  39  8:53  Probe  
  40  9:00  Probe  
  41  9:07  Probe  
Show
View Real Time Build Order
Export as new Build Order

Duke Terran 

Build Orders:  

Get SALT Encoding   

  12  0:00  SCV  
  13  0:12  SCV  
  14  0:17  Supply Depot  
  14  0:24  SCV  
  15  0:39  SCV, Barracks  
  16  0:44  Refinery  
  16  0:51  SCV  
  17  1:03  SCV  
  18  1:15  SCV  
  19  1:26  Marine  
  19  1:27  Orbital Command  
  20  1:38  Command Center  
  20  1:44  Marine  
  21  1:49  Supply Depot  
  21  1:53  SCV  
  22  2:05  SCV  
  22  2:07  Factory  
  23  2:10  Refinery  
  23  2:14  Marine  
  24  2:17  SCV  
  25  2:29  SCV  
  26  2:33  Barracks Tech Lab  
  26  2:41  SCV  
  27  2:51  Orbital Command, Refinery  
  27  2:53  SCV  
  27  2:54  Refinery  
  31  2:58  Siege Tank  
  31  3:05  SCV  
  31  3:06  Barracks Reactor  
  32  3:16  SCV  
  32  3:17  SCV  
  34  3:20  Supply Depot  
  34  3:28  SCV  
  34  3:30  SCV, Siege Tank  
  39  3:40  SCV, Starport  
  40  3:42  SCV, Marine x2  
  40  3:43  Supply Depot  
  43  3:53  SCV  
  43  3:54  SCV  
  45  3:59  Supply Depot  
  45  4:00  Marine x2  
  45  4:02  Siege Tank  
  50  4:05  SCV  
  50  4:06  SCV  
  52  4:17  Starport Tech Lab, SCV  
  52  4:18  SCV, Marine x2  
  52  4:21  Supply Depot  
  56  4:29  SCV  
  56  4:30  SCV  
  58  4:34  Siege Tank  
  58  4:36  Marine x2  
  63  4:41  SCV, Raven  
  63  4:42  SCV  
  67  4:47  Command Center  
  67  4:54  Marine x2  
  67  4:55  SCV x2  
  67  4:57  Supply Depot  
  71  5:06  Siege Tank  
  75  5:07  SCV x2  
  75  5:11  Marine  
  75  5:12  Marine  
  75  5:13  Barracks  
  78  5:16  Barracks x2  
  78  5:20  Supply Depot  
  78  5:23  Raven  
  78  5:24  SCV x2  
  82  5:29  Marine x2  
  84  5:36  SCV x2  
  84  5:42  Siege Tank  
  89  5:44  Supply Depot  
  89  5:45  Refinery  
  89  5:46  Refinery  
  89  5:47  Marine x2  
  89  5:48  SCV x2  
  93  5:59  Orbital Command  
  93  6:00  SCV x2  
  93  6:02  Barracks Reactor  
  93  6:04  Barracks Reactor x2  
  95  6:12  SCV  
  95  6:13  SCV  
  95  6:14  Siege Tank  
  100  6:24  SCV, Viking  
  100  6:25  SCV, Viking  
  104  6:28  SCV  
  104  6:30  Marine  
  108  6:34  Supply Depot x2, Stimpack  
  108  6:36  SCV  
  108  6:37  SCV  
  108  6:39  Marine x2  
  111  6:40  Marine x4  
  111  6:41  SCV, Supply Depot  
  117  6:55  Marine  
  117  6:56  SCV x3, Viking x2, Siege Tank  
  117  6:57  Marine x4  
  117  6:58  Marine  
  133  7:02  Supply Depot, Marine  
  133  7:04  Supply Depot  
  134  7:10  Command Center  
  134  7:13  Marine  
  134  7:15  Marine x5  
  135  7:20  Marine  
  141  7:26  Supply Depot, Viking x2  
  141  7:28  Supply Depot, Siege Tank  
  148  7:31  Marine  
  148  7:33  Marine x5  
  148  7:36  Engineering Bay  
  154  7:37  Engineering Bay  
  154  7:38  Marine  
  155  7:51  Marine x5  
  156  7:53  Marine  
  156  7:54  Supply Depot  
  156  7:55  Marine  
  156  7:56  Supply Depot, Medivac x2  
  166  8:00  Siege Tank  
  171  8:05  SCV x2  
  171  8:06  SCV  
  171  8:09  Marine  
  173  8:16  Marine x5  
  173  8:19  Supply Depot  
  178  8:22  Supply Depot  
  178  8:23  Orbital Command  
  178  8:24  SCV x3  
  181  8:27  Medivac  
  181  8:28  Medivac  
  181  8:33  Marine x2  
  181  8:34  Marine x4  
  190  8:37  SCV x2  
  190  8:38  SCV  
  190  8:40  Marine  
  195  8:41  Siege Tank  
  195  8:48  Armory  
  198  8:49  SCV  
  198  8:51  Marine  
  200  8:58  Missile Turret  
  200  8:59  Missile Turret  
  200  9:03  Missile Turret x3  
  200  9:06  Missile Turret x2  
  200  9:13  Missile Turret, Refinery x2  
  200  9:19  Missile Turret  
  200  9:20  Missile Turret  
Tags
 
League
Diamond
Matchup
PvT
Spawn Locations
Cross Positions
Add a new tag
Caveats
  • Supply blocks, unpowered buildings, or Contaminate may cause inaccurate times.
  • Supply counts are checked every 10 seconds.